 Dungeon Crawl Stone Soup version 0.23-a0-356-g1757c6e (webtiles) character file.

123 BingusPrime the Insei (level 5, -6/55 HPs)
             Began as a Merfolk Transmuter on Oct 21, 2018.
             Was an Initiate of Qazlal.
             Mangled by Crazy Yiuf
             ... wielding a +3 quarterstaff of chaos
              (13 damage)
             ... on level 2 of the Dungeon.
             The game lasted 00:20:41 (2970 turns).

BingusPrime the Insei (Merfolk Transmuter)          Turns: 2970, Time: 00:20:41

Health: -6/55      AC: 22    Str: 11    XL:     5   Next: 7%
Magic:  8/8        EV:  2    Int: 12    God:    Qazlal [......]
Gold:   94         SH:  0    Dex: 15    Spells: 8/9 levels left

rFire    . . .     SeeInvis .     - Unarmed
rCold    . . .     Gourm    .   (no shield)
rNeg     + + +     Faith    .   (armour currently unavailable)
rPois    +         Spirit   .   (helmet currently unavailable)
rElec    .         Reflect  .   (cloak currently unavailable)
rCorr    .         Harm     .   (gloves currently unavailable)
MR       .....     NoTele   +   (boots currently unavailable)
Stlth    +.........             (no amulet)
HPRegen  0.18/turn              u - ring of poison resistance
MPRegen  0.11/turn              (no ring)

@: confused, tree-form
A: (change form in water), (swift swim), (stealthy swim)
a: Renounce Religion


You were on level 2 of the Dungeon.
You worshipped Qazlal.
Qazlal was noncommittal.
You were hungry.
You were a tree.
You visited 1 branch of the dungeon, and saw 2 of its levels.

You collected 94 gold pieces.

Inventory:

Hand Weapons
 h - a +0 hunting sling
 j - a +0 dagger
Missiles
 a - 12 arrows
 f - 52 stones (quivered)
Armour
 b - a +0 robe
 e - a +0 leather armour (melded)
 q - a +0 animal skin
 r - a +0 helmet
Jewellery
 u - a ring of poison resistance (left branch)
Scrolls
 c - a scroll of identify
 g - 2 scrolls of amnesia
 i - a scroll of fear {unknown}
 k - 2 scrolls of remove curse {unknown}
 n - 2 scrolls of magic mapping {unknown}
 o - a scroll of enchant armour {unknown}
 p - a scroll of enchant weapon {unknown}
 s - a scroll of teleportation {unknown}
Potions
 l - a potion of degeneration
 t - a potion of lignification
 v - a potion of haste {unknown}
Comestibles
 d - 4 rations


   Skills:
 + Level 1.4 Fighting
 + Level 0.2 Short Blades
 + Level 0.4 Armour
 + Level 3.5 Dodging
 * Level 4.5 Unarmed Combat
 + Level 2.5 Spellcasting
 * Level 3.9 Transmutations


You had 8 spell levels left.
You knew the following spells:

 Your Spells              Type           Power        Failure   Level  Hunger
a - Beastly Appendage     Tmut           ##....       4%          1    #......

Your spell library contained the following spells:

 Spells                   Type           Power        Failure   Level  Hunger
 Sticks to Snakes         Tmut           ##......     8%          2    ###....
 Magic Dart               Conj           #...         26%         1    #......
 Spider Form              Tmut/Pois      #.........   34%         3    ###....
 Blink                    Tloc           N/A          36%         2    ###....
 Call Imp                 Summ           #.......     36%         2    ###....
 Slow                     Hex            #.......     36%         2    ###....
 Conjure Flame            Conj/Fire      #.......     61%         3    ###....
 Mephitic Cloud           Conj/Pois/Air  #.......     61%         3    ###....
 Ice Form                 Ice/Tmut       #.......     75%         4    #####..
 Blade Hands              Tmut           ##........   80%         5    ######.


Dungeon Overview and Level Annotations

Branches:
Dungeon (2/15)

Altars:
Qazlal

Annotations:
D:2 Crazy Yiuf


Message History

Your transformation is almost over.
You hit Crazy Yiuf but do no damage.
You headbutt Crazy Yiuf, but do no damage.
Crazy Yiuf is severely wounded.
Crazy Yiuf twirls on the spot.
Crazy Yiuf hits you with a +3 quarterstaff of chaos.
* * * LOW HITPOINT WARNING * * *
Crazy Yiuf freezes you.
* * * LOW HITPOINT WARNING * * *
You are confused.
You feel invigorated.
Crazy Yiuf whimpers, "Castle!"
Crazy Yiuf hits you with a +3 quarterstaff of chaos.
* * * LOW HITPOINT WARNING * * *
Your horns disappear.
You turn into a tree.
Your +0 leather armour melds into your body.
Your roots penetrate the ground.
Crazy Yiuf hits you but does no damage.
You are electrocuted!
You die...

###....# # #....#
# #....# # #..###
# #..# # #.## #
#.###♣♣ ##### #
#.....♣♣ ♣♣#..)#
#......♣♣♣♣.'.♣g#
##......♣..♣#...#
##....♣.♣♣♣#####
###♣♣♣♣♣


You could see Crazy Yiuf.

Vanquished Creatures
  Robin (D:2)
  3 gnolls (D:2)
  An adder (D:1)
  An ooze (D:1)
  A leopard gecko (D:2)
  11 bats
  2 giant cockroaches (D:1)
  16 goblins
  8 hobgoblins
  6 jackals
  2 quokkas
  3 frilled lizards
  7 kobolds
  2 rats
64 creatures vanquished.

Notes
Turn   | Place    | Note
-------+----------+-------------------------------------------
     0 | D:1      | BingusPrime the Merfolk Transmuter began the quest for the
                  | Orb.
     0 | D:1      | Reached XP level 1. HP: 15/15 MP: 3/3
   168 | D:1      | Reached XP level 2. HP: 20/21 MP: 3/5
   617 | D:1      | Reached XP level 3. HP: 25/26 MP: 4/6
  1891 | D:2      | Reached XP level 4. HP: 32/32 MP: 5/7
  1901 | D:2      | Noticed Robin
  1923 | D:2      | Reached skill level 4 in Unarmed Combat
  1935 | D:2      | Killed Robin
  2362 | D:2      | Found a stormy altar of Qazlal.
  2410 | D:2      | Became a worshipper of Qazlal Stormbringer
  2493 | D:2      | Reached XP level 5. HP: 17/37 MP: 8/8
  2955 | D:2      | Found a runed door.
  2960 | D:2      | Noticed Crazy Yiuf
  2970 | D:2      | Mangled by Crazy Yiuf

Vault maps used:
D:1:      minmay_arrival_doors
D:2:      first_ration, lemuel_tele_altar, uniq_robin, uniq_crazy_yiuf_cottage

Skill      XL: |  1  2  3  4 |
---------------+-------------+-----
Transmutations | 3 |  3.9
Dodging        | 3 |  3.5
Unarmed Combat | 4 |  4.5
Fighting       | |  1.4
Short Blades   | |  0.2
Armour         | |  0.4
Spellcasting   | |  2.5

Action                   |  1- 3 |  4- 6 || total
-------------------------+-------+-------++-------
Melee: Unarmed           |   112 |   121 ||   233
       Headbutt          |    16 |    17 ||    33
       Dagger            |    30 |       ||    30
       Hunting sling     |     2 |       ||     2
       Punch             |     2 |     1 ||     3
 Fire: Hunting sling     |     3 |       ||     3
 Cast: Beastly Appendage |    22 |    12 ||    34
  Use: Potion            |     1 |     3 ||     4
       Scroll            |       |     4 ||     4
 Stab: Sleeping          |       |     1 ||     1
  Eat: Chunk             |     4 |     3 ||     7
Armor: Robe              |     4 |       ||     4
       Leather armour    |    41 |    30 ||    71
       Skin              |     4 |     1 ||     5
Dodge: Dodged            |   151 |    88 ||   239

Table legend:
 A = Non-vault XP
 B = Vault XP
 C = Vault XP percentage of total XP
 D = Non-vault monster count
 E = Vault monster count
 F = Vault count percentage of total count
                 A         B        C        D         E       F
            +---------+---------+-------+---------+---------+-------
      Total |     142 |      35 |  19.8 |      52 |      12 |  18.8
            +---------+---------+-------+---------+---------+-------
        D:1 |      67 |       4 |   5.6 |      28 |       2 |   6.7
        D:2 |      75 |      31 |  29.2 |      24 |      10 |  29.4
            +---------+---------+-------+---------+---------+-------
